 Dungeon Crawl Stone Soup version 0.32-a0-290-g598725c5f2 (webtiles) character file.

Game seed: 13600404559635022261

15162 pokeman the Eclecticist (level 11, -7/62 HPs)
             Began as a Deep Elf Hedge Wizard on Feb 13, 2024.
             Was an Elder of Vehumet.
             Shot with a bolt by a yaktaur (22 damage)
             ... on level 11 of the Dungeon.
             The game lasted 00:27:48 (10139 turns).

pokeman the Eclecticist (Deep Elf Hedge Wizard)    Turns: 10139, Time: 00:27:49

Health: -7/62      AC:  8    Str: 10    XL:     11   Next: 98%
Magic:  30/33      EV: 18    Int: 30    God:    Vehumet [****..]
Gold:   850        SH:  0    Dex: 14    Spells: 24/42 levels left

rFire   . . .        e - +1 dagger (elec)
rCold   . . .        (no shield)
rNeg    . . .        H - +0 steam dragon scales
rPois   .            c - +0 hat
rElec   .            (no cloak)
rCorr   .            u - +1 pair of gloves of Midwinter {Str+3}
SInv    .            (no boots)
Will    +....        C - amulet of magic regeneration
Stlth   ++           k - +6 ring of intelligence
HPRegen 0.30/turn    m - +5 ring of evasion
MPRegen 0.63/turn

%: no passive effects
@: no status effects
A: no striking features
a: Renounce Religion


You were on level 11 of the Dungeon.
You worshipped Vehumet.
Vehumet was greatly pleased with you.
You visited 2 branches of the dungeon, and saw 12 of its levels.
You also visited: Ossuary.

You collected 850 gold pieces.

Inventory:

Hand Weapons
 e - a +1 dagger of electrocution (weapon)
 I - a +2 trident of venom
Missiles
 a - 2 curare-tipped darts
Armour
 c - a +0 hat (worn)
 u - the +1 pair of gloves of Midwinter (worn) {Str+3}
   (You found it on level 3 of the Dungeon)

   Str+3:     It affects your strength (+3).
 H - +0 steam dragon scales (worn)
 M - a +0 kite shield
 O - a +2 robe of cold resistance
Magical Staves
 y - a staff of air
 z - a staff of cold
 G - a staff of earth
Jewellery
 k - a +6 ring of intelligence (left hand)
 m - a +5 ring of evasion (right hand)
 C - an amulet of magic regeneration (around neck)
 K - a +6 ring of strength
Wands
 A - a wand of polymorph (10)
 E - a wand of paralysis (10)
 J - a wand of mindburst (7)
Scrolls
 f - 11 scrolls of identify {unknown}
 h - 2 scrolls of fog {unknown}
 i - 5 scrolls of immolation {unknown}
 l - 4 scrolls of teleportation {unknown}
 p - a scroll of enchant armour {unknown}
 q - 2 scrolls of blinking {unknown}
 r - 4 scrolls of revelation {unknown}
 s - a scroll of acquirement {unknown}
 t - 3 scrolls of noise {unknown}
 v - 5 scrolls of poison {unknown}
 w - 3 scrolls of amnesia {unknown}
 D - 2 scrolls of enchant weapon {unknown}
 F - 2 scrolls of silence {unknown}
 L - a scroll of vulnerability {unknown}
Potions
 b - 2 potions of lignification {unknown}
 d - 4 potions of magic
 g - 5 potions of heal wounds {unknown}
 j - 5 potions of curing
 n - 2 potions of haste {unknown}
 o - 3 potions of attraction {unknown}
 x - a potion of degeneration {unknown}
 B - 11 potions of enlightenment {unknown}
 N - 2 potions of invisibility {unknown}


   Skills:
 + Level 4.9 Fighting
 - Level 5.0 Armour
 - Level 3.0 Dodging
 - Level 3.0 Stealth
 * Level 16.2 Spellcasting
 + Level 9.6 Conjurations
 - Level 1.1 Summonings
 - Level 1.1 Translocations
 + Level 9.2 Fire Magic
 - Level 1.0 Ice Magic
 - Level 1.1 Air Magic
 - Level 1.1 Earth Magic
 - Level 1.0 Alchemy
 - Level 1.1 Evocations


You had 24 spell levels left.
You knew the following spells:

 Your Spells              Type           Power      Damage    Failure   Level
a - Magic Dart            Conj           100%       1d8       1%          1
b - Mephitic Cloud        Conj/Alch/Air  47%        N/A       1%          3
c - Call Imp              Summ           62%        N/A       1%          2
d - Blink                 Tloc           62%        N/A       1%          2
e - Ignite Poison         Fire/Alch      53%        N/A       1%          4
f - Starburst             Conj/Fire      34%        6d10      1%          6

Your spell library contained the following spells:

 Spells                   Type           Power      Damage    Failure   Level
 Yara's Violent Unravell  Hex/Alch       13%        3d7       11%         5
 Slow                     Hex            96%        N/A       1%          1
 Cigotuvi's Dreadful Rot  Necr/Alch/Air  56%        N/A       1%          2
 Lesser Beckoning         Tloc           62%        N/A       1%          2
 Momentum Strike          Conj/Tloc      100%       3d10      1%          2
 Static Discharge         Conj/Air       100%       3-8/arc   1%          2
 Dazzling Flash           Conj/Hex       100%       N/A       1%          3
 Hailstorm                Conj/Ice       54%        3d11      1%          3
 Volatile Blastmotes      Fire/Tloc      100%       2d18      1%          3
 Sticky Flame             Fire/Alch      53%        2d9       1%          4
 Gell's Gravitas          Tloc           31%        N/A       3%          3
 Summon Ice Beast         Ice/Summ       30%        N/A       3%          3
 Teleport Other           Tloc           31%        N/A       3%          3
 Airstrike                Air            15%        2d(3-19)  3%          4
 Summon Lightning Spire   Summ/Air       31%        N/A       12%         4
 Ignition                 Fire           34%        3d10      54%         8
 Dispersal                Tloc           15%        N/A       87%         6
 Sculpt Simulacrum        Ice/Alch       15%        N/A       88%         6
 Maxwell's Capacitive Co  Air            15%        ∞         100%        8


Dungeon Overview and Level Annotations

Branches:
Dungeon (11/15)            Temple (0/1) D:7            Lair (1/5) D:9
Ossuary (visited)
    Orc: D:9-12

Altars:
Ashenzari
Cheibriados
Okawaru
Qazlal
Trog
Vehumet
Yredelemnul

Annotations:
D:4 2 runed translucent doors, scarr's ghost, amateur DrSh


Message History

Confirm with . or Enter, or press ? or * to list all spells.
Casting: Starburst (dangerous; 1% risk of failure)
Press: ? - help, Dir - look around, f - activate The bolt of fire hits the electric eel!!
You kill the electric eel!
Vehumet accepts your kill.
You hear a splash.
Unknown command.
A gnoll comes into view. It is wielding a +0 halberd.
The gnoll shouts!
You hear a shout!
Found 7 stones.
Casting: Starburst (dangerous; 1% risk of failure)
Confirm with . or Enter, or press ? or * to list all spells.
Casting: Starburst (dangerous; 1% risk of failure)
Press: ? - help, Dir - look around, f - activate The bolt of fire hits the gnoll!!
You kill the gnoll!
Vehumet accepts your kill.
You feel your power returning.
Unknown command.
You start resting.
Magic restored.
You see here a +0 halberd.
Found 5 stones.
A yaktaur comes into view.
The yaktaur wields a +0 arbalest.
The yaktaur shoots a bolt.
The bolt hits you!!
The yaktaur shoots a bolt.
The bolt misses you.
The yaktaur shoots a bolt.
The bolt hits you!!
* * * LOW HITPOINT WARNING * * *
Casting: Starburst (dangerous; 1% risk of failure)
Confirm with . or Enter, or press ? or * to list all spells.
Aiming: Mephitic Cloud (safe; 1% risk of failure)
Press: ? - help, Shift-Dir - straight line, f - yaktaur
Aim: a yaktaur, wielding a +0 arbalest (chance to affect: 62%)
The ball explodes into a vile cloud!
The stinking cloud engulfs the yaktaur.
You hear a bellow! x2
The yaktaur is engulfed in noxious fumes.
The yaktaur shoots a bolt.
The bolt hits you!!
You die...

#.....≈.... #....≈≈§§§
#....≈.§c# #....≈...#
#≈≈......# #....≈...#
#.≈≈≈≈...# #....≈≈..#
#.≈≈≈≈...#
#.....≈≈.#+#..≈≈≈≈..#
#.....@≈......≈≈≈≈≈.###
#(.....≈.....≈≈≈≈≈.....
#......≈....≈.≈≈≈≈≈≈..≈
#......≈≈...≈≈≈≈..≈≈≈≈≈
#......)≈≈.≈≈≈......≈≈.
#........≈.≈....###....
#..###...≈≈.....#.#....
#(. #.......)..#.#....
#. #.'..........#.#....


You could see a yaktaur.

Vanquished Creatures
  Fannar (D:11)
  2 two-headed ogres (D:9)
  2 death yaks (D:9)
  Lodul (D:11)
  A gargoyle (D:10)
  5 yaktaurs (D:11)
  A troll (D:9)
  A hornet (D:9)
  Sigmund (D:5)
  A shadow (D:10)
  3 wyverns
  Eustachio (D:5)
  11 yaks
  3 steam dragons
  Edmund (D:5)
  An acid dragon (D:10)
  3 water moccasins
  An ice beast (D:5)
  4 orc warriors
  4 sky beasts
  9 ogres
  A wolf (D:5)
  5 centaurs
  2 phantoms
  4 kobold brigands
  2 elf zombies (Ossuary)
  4 gnoll sergeants
  6 bullfrogs
  4 scorpions
  5 wights (D:7)
  13 killer bees
  3 electric eels
  3 howler monkeys
  5 bombardier beetles
  4 centaur zombies (Ossuary)
  6 hounds
  7 orc priests
  3 jellies
  3 gnoll boudas
  4 human zombies (Ossuary)
  2 iguanas (D:5)
  5 orc wizards
  A bullfrog simulacrum (Ossuary)
  3 mummies (Ossuary)
  26 gnolls
  10 adders
  A white imp (D:6)
  2 ufetubi (D:5)
  2 ribbon worms
  2 dart slugs
  33 orcs
  8 endoplasms
  4 goblins (D:1)
  4 hobgoblins
  A jackal (D:5)
  14 kobolds
  8 quokkas
  10 ball pythons
  4 bats
  5 rats
286 creatures vanquished.

Vanquished Creatures (collateral kills)
  A gnoll (D:10)
1 creature vanquished.

Grand Total: 287 creatures vanquished

Notes
Turn   | Place    | Note
-------+----------+-------------------------------------------
     0 | D:1      | pokeman the Deep Elf Hedge Wizard began the quest for the
                  | Orb.
     0 | D:1      | Reached XP level 1. HP: 10/10 MP: 7/7
   169 | D:1      | Reached XP level 2. HP: 16/16 MP: 3/9
   375 | D:1      | Reached skill level 5 in Spellcasting
   479 | D:1      | Reached XP level 3. HP: 20/20 MP: 6/11
   483 | D:1      | Learned a level 3 spell: Mephitic Cloud
   486 | D:1      | Learned a level 2 spell: Call Imp
   489 | D:1      | Learned a level 2 spell: Blink
   611 | D:1      | Found a faded altar of an unknown god.
   750 | D:1      | Reached skill level 1 in Fighting
  1099 | D:2      | Reached skill level 1 in Armour
  1381 | D:2      | Reached XP level 4. HP: 12/25 MP: 2/13
  2222 | D:3      | Learned a level 4 spell: Ignite Poison
  2276 | D:3      | Found a bloodstained altar of Trog.
  2477 | D:3      | Identified the +1 pair of gloves of Midwinter {Str+3}
  2583 | D:3      | Reached skill level 6 in Spellcasting
  2583 | D:3      | Reached XP level 5. HP: 29/29 MP: 11/15
  2763 | D:3      | Found a stormy altar of Qazlal.
  2764 | D:3      | Noticed a water elemental
  2767 | D:3      | Noticed a fire elemental
  2767 | D:3      | Noticed an air elemental
  3245 | D:4      | Reached skill level 1 in Fire Magic
  3245 | D:4      | Reached skill level 1 in Alchemy
  3246 | D:4      | Reached skill level 1 in Air Magic
  3397 | D:4      | Found a runed translucent door.
  3437 | D:4      | Reached XP level 6. HP: 34/34 MP: 11/17
  3559 | D:4      | Found an iron altar of Okawaru.
  3567 | D:4      | Found a basalt altar of Yredelemnul.
  3569 | D:4      | Found a broken altar of Ashenzari.
  3570 | D:4      | Found a radiant altar of Vehumet.
  3637 | D:4      | Became a worshipper of Vehumet
  3737 | D:4      | Found a runed translucent door.
  3879 | D:4      | Noticed scarr's ghost (amateur DrSh)
  3948 | D:4      | Reached skill level 7 in Spellcasting
  4081 | D:5      | Entered Level 5 of the Dungeon
  4093 | D:5      | Noticed Eustachio
  4103 | D:5      | Killed Eustachio
  4104 | D:5      | Reached XP level 7. HP: 39/39 MP: 17/20
  4218 | D:5      | Reached skill level 8 in Spellcasting
  4463 | D:5      | Reached XP level 8. HP: 32/44 MP: 14/22
  4570 | D:5      | Reached skill level 9 in Spellcasting
  4750 | D:5      | Noticed Sigmund
  4758 | D:5      | Noticed Edmund
  4759 | D:5      | Killed Sigmund
  4760 | D:5      | Reached skill level 1 in Evocations
  4771 | D:5      | Killed Edmund
  4772 | D:5      | Reached skill level 5 in Conjurations
  4992 | D:5      | Reached * piety under Vehumet
  4992 | D:5      | Offered knowledge of Sandblast by Vehumet.
  5212 | D:5      | Reached skill level 10 in Spellcasting
  5319 | D:6      | Reached XP level 9. HP: 19/48 MP: 19/25
  5322 | D:6      | Reached skill level 5 in Fire Magic
  5452 | D:6      | Found a sand-covered staircase.
  5462 | Ossuary  | Entered an ossuary
  5549 | Ossuary  | Reached skill level 11 in Spellcasting
  5686 | D:6      | Learned a level 6 spell: Starburst
  5961 | D:6      | Reached skill level 12 in Spellcasting
  6290 | D:6      | Offered knowledge of Searing Ray by Vehumet.
  6626 | D:7      | Reached XP level 10. HP: 53/53 MP: 21/28
  6627 | D:7      | Reached ** piety under Vehumet
  6685 | D:7      | Found a staircase to the Ecumenical Temple.
  7316 | D:8      | Reached skill level 13 in Spellcasting
  7322 | D:8      | Offered knowledge of Scorch by Vehumet.
  7406 | D:8      | Reached skill level 5 in Armour
  7565 | D:8      | Reached *** piety under Vehumet
  7942 | D:9      | Noticed a death yak
  7942 | D:9      | Noticed a death yak
  7942 | D:9      | Found a staircase to the Lair.
  7977 | D:9      | Reached skill level 1 in Earth Magic
  8143 | D:9      | Killed a death yak
  8155 | D:9      | Killed a death yak
  8156 | D:9      | Reached skill level 14 in Spellcasting
  8391 | D:9      | Offered knowledge of Olgreb's Toxic Radiance by Vehumet.
  8633 | D:9      | Noticed a two-headed ogre
  8637 | D:9      | Reached XP level 11. HP: 60/60 MP: 24/31
  8637 | D:9      | Noticed a two-headed ogre
  8638 | D:9      | Killed a two-headed ogre
  8648 | D:9      | Killed a two-headed ogre
  8744 | D:9      | Reached **** piety under Vehumet
  8745 | D:9      | Reached skill level 15 in Spellcasting
  8804 | Lair:1   | Entered Level 1 of the Lair of Beasts
  8828 | D:10     | Entered Level 10 of the Dungeon
  8905 | D:10     | Reached skill level 1 in Ice Magic
  9007 | D:10     | Identified the +2 ring mail of the Scribe {Str+2 Stlth+}
  9261 | D:10     | Offered knowledge of Yara's Violent Unravelling by Vehumet.
  9541 | D:10     | Found a snail-covered altar of Cheibriados.
  9793 | D:11     | Noticed Lodul
  9798 | D:11     | Killed Lodul
  9980 | D:11     | Noticed Fannar
  9981 | D:11     | Reached skill level 16 in Spellcasting
  9987 | D:11     | Noticed a death yak
  9988 | D:11     | Noticed a death yak
 10065 | D:11     | Killed Fannar
 10139 | D:11     | Shot with a bolt by a yaktaur

Illustrated notes

Levels and vault maps discovered:
D:1:      roderic_chinese_lattice_arrival, layout_basic,
          shapermc_ecumenical_altar_ellora, minmay_fountain_box
D:2:      layout_basic, kennysheep_boxes
D:3:      layout_basic, nicolae_qazlal_style_of_elements,
          trog_three_pillars_becter
D:4:      layout_cave_pools, minitemple, ebering_ghost_sewer_f
D:5:      layout_cave_pools, serial_gnoll_camp, gnoll_camp_mini_hut,
          gnoll_camp_mini_house, gnoll_camp_mini_hut, gnoll_camp_mini_hut,
          gnoll_camp_mini_basic, sigmund_edmund_badplayer, uniq_eustachio
D:6:      layout_loops_ring, chequers_ossuary_entry_cave
D:7:      layout_layer_cave, minmay_temple_entry_waves, minivault_1,
          dk_noncrumbling_3, serial_park_tiny_1
D:8:      layout_rooms
D:9:      layout_roguey, dpeg_lair_monsters, kennysheep_kite_vault
D:10:     layout_basic, lemuel_tele_altar, interstate_on_off, kennysheep_dice
D:11:     fort_yaktaur, layout_layer_cave, orc_0_dummy, serial_library,
          serial_library_hellmonk_room_c,
          serial_library_regret_index_double_sided,
          serial_library_hellmonk_junction,
          serial_library_hellmonk_small_corner,
          serial_library_hellmonk_layered_room,
          serial_library_hellmonk_recessed_alcove, okawaru_trees_1, uniq_fannar,
          uniq_sonja, uniq_lodul
Lair:1:   beast_lair_carwin_large_3, layout_gridlike, gammafunk_ghost_grave,
          grunt_megastairs_5

Skill      XL: |  1  2  3  4  5  6  7  8  9 10 11 |
---------------+----------------------------------+-----
Spellcasting   | 5 6 7 8 10 12 14 16 | 16.2
Fighting       | 1 2 3 4 |  4.9
Armour         | 1 2 3 4 5 |  5.0
Conjurations   | 2 3 4 5 6 8 9 |  9.6
Dodging        | 3 |  3.0
Stealth        | 3 |  3.0
Fire Magic     | 1 2 3 4 6 7 9 |  9.2
Alchemy        | 1 |  1.0
Air Magic      | 1 |  1.1
Evocations     | 1 |  1.1
Earth Magic    | 1 |  1.1
Ice Magic      | 1 |  1.0
Summonings     | |  1.1
Translocations | |  1.1

Action                     |  1- 3 |  4- 6 |  7- 9 | 10-12 || total
---------------------------+-------+-------+-------+-------++-------
  Melee: Dagger            |    16 |    70 |   161 |    61 ||   308
   Cast: Magic Dart        |    72 |    68 |    66 |    58 ||   264
         Mephitic Cloud    |     2 |     9 |    49 |    47 ||   107
         Blink             |     1 |       |     1 |     1 ||     3
         Call Imp          |       |     2 |     2 |     1 ||     5
         Ignite Poison     |       |       |    18 |    22 ||    40
         Starburst         |       |       |       |    32 ||    32
    Use: Potion            |       |     1 |       |       ||     1
   Stab: Confused          |     1 |     8 |    14 |     9 ||    32
 Armour: Robe              |    10 |    22 |    62 |    26 ||   120
         Steam dragon scal |       |       |       |    21 ||    21
  Dodge: Dodged            |    23 |    73 |   135 |    88 ||   319

Table legend: (Time is in decaauts)
 A = Elapsed time spent in this place.
 B = Non-inter-level travel time spent in this place.
 C = Inter-level travel time spent in this place.
 D = Time resting spent in this place.
 E = Time spent auto-exploring this place.
 F = Levels seen in this place.
 G = Mean time per level.
                   A        B        C        D        E       F      G
               +--------+--------+--------+--------+--------+-----+--------+
         Total |  10143 |   9712 |    431 |    396 |   7399 |  13 |  780.2 |
       Dungeon |   9957 |   9526 |    431 |    396 |   7316 |  11 |  905.2 |
          Lair |      1 |      1 |      0 |      0 |      0 |   1 |    1.0 |
       Ossuary |    184 |    184 |      0 |      0 |     83 |   1 |  184.0 |
               +--------+--------+--------+--------+--------+-----+--------+

Top non-repeatable levels by time:
     D:5: 1172 daAuts
     D:2: 1115 daAuts
     D:1: 1061 daAuts
     D:4: 1043 daAuts
    D:10: 982 daAuts
     D:6: 963 daAuts
     D:7: 901 daAuts
     D:9: 872 daAuts
     D:3: 860 daAuts
     D:8: 651 daAuts
    D:11: 334 daAuts
 Ossuary: 184 daAuts
  Lair:1: 1 daAuts
